Map: Bone Temple LE

Players

Kejawan

  • Race: Protoss Protoss
  • Spawn Location: 6:00

twoshoes

  • Race: Protoss Protoss
  • Spawn Location: 7:00

Kingfischer

  • Race: Terran Terran
  • League: Bronze
  • Spawn Location: 7:00

Revenbard

  • Race: Zerg Zerg
  • League: Platinum
  • Spawn Location: 12:00

redbusman

  • Race: Terran Terran
  • League: Bronze
  • Spawn Location: 1:00

A.I. 5 (Medium)

  • Race: Terran Terran
  • Spawn Location: 3:00

VOD

Have the link to the VOD?

Description

Time

  • Played on: July 12, 2020, 10:43 p.m.
  • Length: 31:46
Show
View Real Time Build Order
Export as new Build Order

Kejawan Protoss 

Build Orders: Carriers 

Get SALT Encoding   

  12  0:01  Probe  
  13  0:13  Probe  
  14  0:27  Probe  
  15  0:33  Pylon  
  15  0:51  Probe  
  16  1:05  Probe, Gateway  
  17  1:13  Probe  
  18  1:19  Assimilator  
  18  1:21  Probe  
  18  1:24  Assimilator  
  19  1:33  Probe  
  19  1:37  Pylon  
  20  1:42  Pylon  
  20  1:53  Zealot  
  22  1:54  Nexus  
  22  2:02  Pylon  
  22  2:13  Forge  
  22  2:18  Probe  
  23  2:31  Probe  
  23  2:36  Pylon  
  24  2:41  Zealot  
  24  2:43  Probe  
  27  2:55  Probe, Photon Cannon  
  27  2:58  Pylon  
  28  3:09  Probe  
  29  3:14  Photon Cannon  
  30  3:20  Probe  
  30  3:30  Probe  
  30  3:32  Probe  
  32  3:42  Probe  
  32  3:47  Photon Cannon  
  33  3:54  Probe  
  34  3:56  Photon Cannon  
  34  4:03  Assimilator  
  34  4:06  Probe  
  35  4:18  Probe  
  36  4:30  Probe  
  37  4:40  Cybernetics Core  
  37  4:42  Probe  
  38  4:48  Pylon  
  38  4:54  Probe  
  39  5:01  Assimilator  
  39  5:03  Protoss Ground Weapons Level 1  
  39  5:06  Probe  
  39  5:18  Probe  
  40  5:28  Stalker  
  42  5:31  Probe  
  43  5:41  Robotics Facility  
  43  5:42  Stargate  
  43  5:44  Stargate  
  43  5:57  Stalker, Pylon  
  43  5:58  Pylon  
  43  6:00  Pylon  
  45  6:04  Nexus  
  45  6:16  Photon Cannon  
  45  6:17  Photon Cannon  
  45  6:18  Stalker  
  45  6:19  Photon Cannon  
  45  6:27  Probe  
  48  6:38  Void Ray  
  48  6:39  Probe  
  53  6:48  Stalker  
  53  6:51  Probe, Observer  
  57  7:03  Probe  
  58  7:11  Protoss Shields Level 1  
  58  7:13  Observer  
  58  7:15  Probe  
  60  7:17  Pylon  
  60  7:18  Probe, Stalker  
  60  7:19  Pylon  
  63  7:27  Probe  
  64  7:30  Probe  
  64  7:33  Void Ray  
  64  7:34  Observer  
  70  7:39  Probe  
  65  7:55  Immortal  
  67  8:13  Probe  
  68  8:21  Probe  
  68  8:22  Assimilator  
  68  8:26  Assimilator  
  69  8:30  Void Ray, Photon Cannon  
  69  8:31  Void Ray, Probe  
  78  8:35  Immortal, Photon Cannon  
  82  8:42  Probe  
  82  8:45  Fleet Beacon  
  83  8:50  Probe  
  84  8:58  Probe  
  85  9:09  Probe  
  85  9:13  Void Ray x2  
  85  9:14  Immortal  
  98  9:20  Protoss Ground Armor Level 1  
  98  9:21  Probe, Stalker  
  101  9:42  Stargate  
  101  9:48  Probe  
  101  9:51  Stalker  
  104  9:53  Immortal  
  104  9:56  Void Ray  
  104  9:57  Carrier  
  118  10:00  Probe  
  119  10:12  Probe  
  120  10:21  Stalker  
  122  10:22  Protoss Air Armor Level 1  
  122  10:24  Probe  
  113  10:39  Carrier  
  119  10:57  Immortal  
  119  11:01  Carrier  
  119  11:02  Probe  
  126  11:14  Probe  
  127  11:26  Probe  
  128  11:36  Immortal  
  132  11:43  Void Ray  
  136  12:05  Void Ray  
  140  12:29  Void Ray  
  140  12:31  Protoss Air Weapons Level 1  
  140  13:38  Void Ray  
  140  13:47  Stalker  
  138  14:06  Void Ray  
  138  14:17  Stalker  
  138  14:23  Immortal  
  140  14:25  Warp Gate  
  140  15:07  Void Ray  
  140  15:08  Void Ray  
  140  15:11  Immortal  
  140  15:13  Void Ray  
  99  15:40  Void Ray  
  99  15:41  Carrier  
  94  15:48  Carrier  
  94  15:50  Immortal  
  114  16:13  Carrier  
  114  16:21  Probe  
  121  16:33  Probe  
  122  16:42  Carrier  
  122  16:45  Carrier  
  122  16:46  Probe  
  135  17:17  Void Ray  
  139  17:25  Pylon  
  139  17:26  Pylon  
  139  17:28  Pylon  
  139  17:30  Pylon  
  139  17:35  Nexus  
  139  17:46  Void Ray  
  139  17:49  Void Ray  
  141  18:00  Void Ray  
  145  18:08  Photon Cannon  
  145  18:09  Photon Cannon  
  145  18:11  Photon Cannon  
  145  18:13  Photon Cannon  
  145  18:15  Photon Cannon  
  145  18:17  Photon Cannon  
  145  18:20  Photon Cannon  
  145  18:22  Photon Cannon  
  145  18:25  Immortal  
  149  18:29  Void Ray  
  149  18:32  Void Ray  
  157  18:43  Void Ray  
  161  19:12  Void Ray  
  161  19:15  Void Ray  
  145  19:26  Void Ray  
  149  19:54  Void Ray  
  149  19:56  Nexus  
  149  19:58  Void Ray  
  157  20:08  Void Ray  
  149  20:37  Void Ray  
  149  20:40  Void Ray  
  151  20:47  Nexus  
  145  20:51  Void Ray  
  149  21:20  Void Ray  
  149  21:23  Void Ray  
  117  22:40  Immortal  
  117  22:42  Void Ray x2  
  129  23:12  Void Ray  
  133  23:25  Void Ray  
  113  24:07  Void Ray x3  
  109  24:11  Immortal  
  113  24:50  Void Ray  
  109  25:29  Nexus  
  109  25:34  Photon Cannon  
  109  25:36  Photon Cannon  
  81  27:21  Void Ray x3  
  89  27:28  Assimilator  
  89  27:32  Assimilator  
  81  27:53  Void Ray  
  81  27:54  Void Ray x2  
  93  28:26  Pylon  
  93  28:27  Pylon  
  93  28:30  Nexus  
  93  28:39  Pylon  
  93  28:41  Pylon  
  93  28:47  Photon Cannon  
  93  28:48  Photon Cannon  
  89  28:52  Photon Cannon  
  65  29:16  Photon Cannon  
  64  29:18  Photon Cannon  
  64  29:20  Nexus, Photon Cannon  
  64  29:21  Photon Cannon  
  64  29:24  Void Ray  
  68  29:42  Pylon  
  65  29:47  Photon Cannon  
  65  29:49  Photon Cannon  
  65  29:52  Photon Cannon  
  65  29:54  Shield Battery  
  65  30:01  Shield Battery  
  65  30:22  Assimilator  
  65  30:26  Assimilator  
  65  30:27  Void Ray x2  
Show
View Real Time Build Order
Export as new Build Order

twoshoes Protoss 

Build Orders: 1 Gate Expand, Zealot Archon 

Get SALT Encoding   

  12  0:01  Probe  
  13  0:13  Probe  
  14  0:17  Pylon  
  14  0:26  Probe  
  15  0:38  Gateway  
  15  0:40  Probe  
  16  0:51  Probe  
  17  0:59  Probe  
  17  1:03  Assimilator  
  18  1:08  Probe  
  19  1:21  Probe  
  20  1:32  Nexus  
  20  1:40  Probe  
  20  1:46  Cybernetics Core  
  21  1:53  Probe  
  22  1:58  Assimilator  
  22  2:05  Probe  
  22  2:06  Pylon  
  23  2:20  Gateway  
  23  2:33  Sentry  
  25  2:39  Warp Gate  
  25  2:42  Probe  
  26  2:48  Probe  
  27  2:54  Probe  
  28  3:00  Probe  
  28  3:05  Twilight Council  
  29  3:06  Probe  
  29  3:12  Probe  
  31  3:14  Gateway  
  31  3:18  Probe  
  32  3:20  Stalker  
  32  3:23  Stalker  
  32  3:24  Probe  
  37  3:30  Assimilator  
  37  3:35  Pylon  
  37  3:36  Probe  
  38  3:44  Pylon  
  38  3:48  Probe  
  39  3:59  Templar Archives  
  39  4:00  Probe  
  40  4:07  Pylon  
  40  4:14  Gateway  
  40  4:23  Probe  
  41  4:25  Gateway  
  41  4:35  Shield Battery  
  41  4:36  Probe  
  42  4:40  Assimilator  
  42  4:46  Forge  
  42  4:51  Pylon  
  42  5:05  Stalker x3  
  48  5:10  Charge  
  48  5:13  Psionic Storm  
  48  5:22  Dark Shrine  
  48  5:25  Gateway  
  48  5:26  Gateway  
  48  5:31  Gateway  
  48  5:40  Probe  
  49  5:47  Pylon  
  49  5:52  Probe  
  49  5:55  Photon Cannon  
  50  5:59  Photon Cannon  
  50  6:02  Photon Cannon  
  50  6:04  Probe  
  50  6:10  Photon Cannon  
  51  6:16  Probe, Pylon  
  52  6:23  Protoss Ground Weapons Level 1  
  52  6:37  Gateway  
  52  6:41  Photon Cannon  
  52  6:44  Photon Cannon  
  52  6:48  Photon Cannon  
  52  6:53  Photon Cannon  
  52  6:59  Dark Templar  
  52  7:00  Dark Templar  
  56  7:02  Dark Templar  
  56  7:03  Dark Templar  
  56  7:05  Dark Templar  
  56  7:07  Dark Templar  
  56  7:08  Dark Templar  
  66  7:14  Archon  
  66  7:15  Archon  
  66  7:16  Archon  
  66  7:37  Dark Templar x2  
  66  7:39  Dark Templar  
  66  7:40  Dark Templar  
  74  7:48  Pylon  
  74  8:22  Photon Cannon  
  74  8:25  Photon Cannon  
  74  8:40  Dark Templar x2  
  78  8:41  Dark Templar  
  78  8:42  Dark Templar x2  
  78  8:44  Dark Templar  
  78  8:47  Nexus  
  86  8:50  Zealot x2  
  86  8:51  Zealot  
  86  8:53  Archon x2  
  86  8:55  Archon  
  92  9:06  Pylon  
  92  9:14  Robotics Facility  
  92  9:22  Pylon  
  92  9:26  Assimilator  
  92  9:31  Assimilator  
  92  9:42  Dark Templar  
  92  9:43  Dark Templar x2  
  92  9:44  Dark Templar  
  100  9:46  Zealot x3  
  100  9:47  Zealot  
  108  9:52  Archon  
  108  9:53  Archon  
  108  10:02  Observer  
  108  10:04  Probe  
  109  10:12  Probe  
  111  10:22  Probe  
  112  10:34  Probe  
  113  10:46  Probe  
  107  11:07  Archon x2  
  107  11:13  Protoss Shields Level 1  
  107  11:17  Probe  
  108  11:21  Dark Templar  
  108  11:22  Dark Templar x3  
  108  11:23  Dark Templar x2  
  108  11:24  Dark Templar  
  108  11:25  Dark Templar  
  124  11:26  Dark Templar  
  126  11:50  Pylon  
  126  11:52  Pylon  
  126  12:01  Probe  
  127  12:09  Archon x4  
  127  12:10  Archon  
  127  12:13  Probe  
  126  12:20  Dark Templar x3  
  126  12:21  Dark Templar x3  
  122  12:27  Dark Templar x2  
  118  12:32  Archon  
  118  12:33  Archon x3  
  114  13:44  Protoss Shields Level 2  
  108  14:04  Zealot x3  
  108  14:05  Zealot x3  
  108  14:06  Zealot  
  108  14:07  Zealot x2  
  102  14:52  Dark Templar  
  90  14:53  Dark Templar x3  
  90  14:54  Dark Templar x3  
  90  14:55  Dark Templar x2  
  106  15:08  Gateway  
  106  15:10  Gateway  
  106  15:12  Gateway  
  106  15:16  Gateway  
  106  15:25  Dark Templar x2  
  106  15:26  Dark Templar x3  
  116  15:31  Dark Templar  
  116  15:32  Dark Templar x2  
  116  15:33  Dark Templar  
  124  15:37  Archon x2  
  124  15:38  Archon x2  
  124  15:44  Archon x4  
  123  16:06  Nexus  
  123  16:11  Pylon  
  123  16:14  Pylon  
  123  16:17  Assimilator  
  123  16:22  Assimilator  
  123  16:23  Dark Templar x3  
  123  16:24  Dark Templar x3  
  135  16:26  Dark Templar x3  
  135  16:28  Dark Templar  
  135  16:30  Zealot  
  135  16:31  Zealot x2  
  149  16:32  Protoss Ground Weapons Level 2  
  149  16:34  Archon x2  
  149  16:35  Archon x3  
  149  17:08  Photon Cannon  
  149  17:12  Photon Cannon  
  149  17:19  Photon Cannon  
  149  18:47  High Templar x2  
  149  18:48  High Templar x2  
  155  18:50  High Templar  
  155  18:51  High Templar  
  161  18:56  Protoss Ground Weapons Level 3  
  161  20:56  Nexus  
  161  21:01  Photon Cannon  
  161  21:04  Photon Cannon  
  161  21:06  Photon Cannon  
  161  21:13  Pylon  
  71  22:02  Stalker x2  
  71  22:03  Stalker x3  
  71  22:04  Stalker x2  
  71  22:05  Stalker x2  
  71  22:07  Stalker  
  49  22:20  Stalker  
  49  22:21  Stalker  
  41  22:25  Archon  
  41  22:29  Stalker x3  
  45  22:30  Stalker x2  
  45  22:31  Stalker x2  
  45  22:32  Stalker x2  
  57  22:40  Probe  
  58  22:52  Probe  
  59  22:59  Nexus  
  59  23:04  Probe  
  60  23:11  Assimilator  
  60  23:16  Probe, Assimilator  
  60  23:19  Pylon  
  61  23:22  Pylon  
  61  23:27  Nexus  
  61  23:28  Probe  
  61  23:30  Pylon  
  62  23:34  Assimilator  
  62  23:41  Assimilator  
  62  23:45  Pylon  
  62  23:49  Zealot x3  
  62  23:50  Zealot x3  
  62  23:51  Zealot x3  
  62  23:52  Zealot x2  
  62  23:53  Zealot  
  62  23:54  Zealot  
  88  24:10  Photon Cannon  
  88  24:13  Photon Cannon  
  88  24:16  Photon Cannon  
  88  24:41  Probe  
  89  24:49  Zealot  
  89  24:50  Zealot x3  
  89  24:51  Zealot  
  99  24:53  Probe  
  100  25:00  Probe  
  100  25:05  Probe  
  102  25:08  Probe  
  103  25:17  Probe x2  
  105  25:30  Probe, Dark Templar  
  105  25:31  Dark Templar x2  
  105  25:32  Dark Templar  
  105  25:34  Dark Templar  
  116  25:36  Archon  
  116  25:37  Archon  
  116  25:40  Dark Templar  
  118  25:45  Archon  
  118  25:47  Dark Templar  
  118  25:48  Dark Templar  
  122  25:53  Archon  
  122  25:56  Dark Templar x2  
  126  26:01  Archon  
  126  26:06  High Templar  
  126  26:07  High Templar  
  130  26:14  Sentry  
  130  26:15  Dark Templar  
  134  26:21  Dark Templar  
  136  26:26  Archon  
  136  26:29  Zealot  
  136  26:30  Zealot x2  
  136  26:32  Zealot x2  
  146  26:34  Zealot  
  146  26:36  Zealot  
  150  27:06  Dark Templar  
  152  27:10  Zealot x2  
  152  27:11  Zealot  
  152  27:13  Stalker  
  152  27:14  Stalker  
  162  27:21  Stalker  
  164  27:32  Stalker x2  
  164  27:36  Zealot x2  
  172  27:37  Zealot  
  172  27:43  Probe  
  175  27:51  Probe  
  176  28:01  Probe  
  177  28:10  Dark Templar x2  
  181  28:13  Probe, Stalker x2  
  181  28:14  Stalker  
  181  28:15  Protoss Ground Armor Level 1  
  188  28:34  Archon  
  188  28:36  Zealot x3  
  188  28:37  Zealot x3  
  42  31:08  Zealot x2  
  42  31:09  Zealot x3  
  42  31:10  Zealot x4  
  42  31:11  Zealot x3  
  62  31:12  Zealot  
Show
View Real Time Build Order
Export as new Build Order

Kingfischer Terran 

Build Orders:  

Get SALT Encoding   

  12  0:03  SCV  
  13  0:15  SCV  
  13  0:20  Supply Depot  
  14  0:27  SCV  
  15  0:41  SCV  
  16  0:45  Barracks  
  16  0:54  SCV  
  17  0:59  Refinery  
  17  1:06  SCV  
  18  1:19  SCV  
  19  1:34  Supply Depot  
  19  1:48  Reaper  
  19  1:50  SCV  
  21  2:06  Orbital Command  
  21  2:07  Barracks  
  21  2:13  Command Center  
  21  2:25  Engineering Bay  
  21  2:31  Marine  
  21  2:35  SCV  
  23  2:41  Refinery  
  23  3:15  Missile Turret  
  23  3:19  SCV, Refinery  
  24  3:33  SCV  
  25  3:58  SCV  
  25  4:10  SCV  
  26  4:22  Barracks Tech Lab  
  26  4:23  Factory  
  26  4:30  SCV  
  27  4:42  SCV  
  28  4:48  Marine x2  
  30  4:54  SCV  
  31  5:00  SCV  
  31  5:05  Terran Infantry Weapons Level 1  
  31  5:06  SCV, Marine x2  
  35  5:11  Starport  
  35  5:12  SCV, Factory Tech Lab  
  36  5:19  SCV  
  37  5:24  SCV, Marauder, Marine  
  41  5:31  SCV, Missile Turret  
  42  5:36  SCV  
  43  5:43  SCV  
  43  5:46  Marauder  
  46  5:56  Missile Turret  
  46  5:58  Supply Depot  
  46  6:09  Fusion Core  
  46  6:20  SCV x2, Marauder  
  46  6:23  Factory Tech Lab  
  50  6:27  Supply Depot  
  50  6:34  Orbital Command  
  50  6:40  Refinery  
  50  6:49  Supply Depot  
  50  6:53  Missile Turret, Widow Mine  
  52  6:57  Battlecruiser  
  58  7:02  Armory  
  58  7:13  Command Center  
  58  7:15  Supply Depot, Widow Mine  
  60  9:33  Factory  
  60  9:35  Factory  
  60  9:36  SCV  
  61  9:48  SCV  
  62  10:00  SCV  
  63  10:12  SCV  
  64  10:18  Factory Tech Lab  
  64  10:28  Terran Vehicle And Ship Armor Level 1  
  64  10:29  Factory  
  64  10:40  Viking  
  66  10:49  SCV  
  67  11:01  SCV, Factory Tech Lab  
  68  11:09  Viking  
  68  11:11  Hi-Sec Auto Tracking  
  70  11:13  SCV  
  70  11:15  SCV  
  70  11:16  Missile Turret  
  72  11:24  Hellbat x2  
  72  11:25  SCV, Hellbat  
  78  11:27  SCV  
  80  11:34  Thor  
  80  11:37  SCV  
  80  11:39  SCV, Viking  
  90  11:45  Hellbat  
  92  11:49  Supply Depot  
  92  11:52  Armory  
  92  11:53  Thor  
  100  11:54  Hellbat  
  100  11:58  Orbital Command  
  100  12:11  Viking, Supply Depot, Thor  
  108  12:31  Terran Vehicle Weapons Level 1  
  108  12:33  Thor  
  114  12:41  Viking  
  116  12:48  Supply Depot  
  116  12:54  Thor  
  116  12:55  Hellbat  
  124  13:05  Thor  
  124  13:11  Supply Depot  
  124  13:14  Engineering Bay  
  124  13:15  Thor  
  124  13:16  Hellbat  
  124  13:17  Refinery  
  131  13:22  Refinery  
  131  13:25  Viking  
  133  13:31  Terran Vehicle And Ship Armor Level 2  
  133  13:37  Thor  
  139  13:42  Factory  
  139  13:45  Thor  
  139  13:47  Supply Depot  
  145  13:55  Viking  
  147  14:09  Thor  
  153  14:12  Supply Depot  
  153  14:25  Viking  
  155  14:43  SCV  
  156  14:55  Viking, SCV, Supply Depot  
  156  14:57  Terran Vehicle Weapons Level 2  
  159  15:02  Factory Tech Lab  
  159  15:07  SCV  
  160  15:20  SCV  
  161  15:25  Viking  
  163  15:49  Refinery  
  163  15:50  Command Center  
  163  15:54  Refinery  
  163  16:00  Missile Turret  
  163  16:01  Missile Turret  
  163  16:03  Supply Depot  
  163  16:10  Sensor Tower  
  163  16:21  Starport  
  163  16:26  Supply Depot  
  163  16:28  Starport  
  163  16:34  SCV  
  164  16:46  SCV  
  165  16:58  SCV  
  166  17:10  SCV  
  167  17:23  SCV  
  167  17:28  Command Center  
  168  17:31  Missile Turret  
  168  17:34  SCV x2  
  168  17:35  SCV  
  171  17:46  SCV  
  172  17:58  Missile Turret  
  172  17:59  Missile Turret  
  172  18:03  Missile Turret  
  172  18:23  Missile Turret  
  172  18:45  Starport Tech Lab x2  
  172  18:50  Starport Reactor  
  172  18:59  Viking  
  174  19:05  Viking  
  176  19:18  Missile Turret  
  176  19:26  Command Center  
  176  19:29  Viking  
  176  19:30  Missile Turret  
  178  19:34  Missile Turret  
  178  19:35  Viking  
  178  19:38  Command Center  
  180  19:44  Missile Turret  
  180  19:46  Missile Turret  
  180  19:59  Viking  
  181  20:05  Viking  
  183  20:29  Viking  
  183  20:33  Refinery  
  185  20:35  Viking  
  177  21:19  Planetary Fortress  
  177  21:20  Planetary Fortress  
  177  21:32  Missile Turret  
  177  21:45  Thor  
  177  21:46  Thor x2  
  195  21:49  Cyclone  
  145  23:04  Liberator x4  
  135  23:06  Advanced Ballistics  
  135  23:11  Thor x3  
  135  23:12  Thor x2  
  152  23:22  Planetary Fortress  
  127  23:46  Liberator x2  
  127  23:47  Liberator x2  
  137  23:54  Thor x4  
  137  23:55  Thor  
  136  24:29  Liberator x3  
  136  24:30  Liberator  
  142  24:37  Thor x2  
  103  25:12  Liberator x3  
  98  25:24  Missile Turret  
  68  25:40  Orbital Command  
  62  25:47  Missile Turret  
  26  26:10  Viking x4  
  33  26:40  Viking x4  
  33  26:42  Weapon Refit  
  41  26:56  SCV  
  42  27:08  SCV  
  43  27:10  Viking x4  
  48  27:20  SCV  
  47  27:24  Refinery  
  39  27:32  SCV  
  36  27:40  Viking x2, Battlecruiser  
  36  27:41  Battlecruiser  
  50  27:44  SCV  
  29  28:39  Missile Turret  
  29  28:45  Battlecruiser  
  17  30:05  Command Center  
  17  30:38  Widow Mine x4  
  25  30:59  Widow Mine x2  
  25  31:00  Widow Mine  
Show
View Real Time Build Order
Export as new Build Order

Revenbard Zerg 

Build Orders: Hatch First 

Get SALT Encoding   

  12  0:02  Drone  
  13  0:11  Drone  
  14  0:18  Overlord  
  14  0:37  Drone x3  
  17  0:48  Drone  
  18  1:04  Drone  
  18  1:05  Hatchery  
  18  1:11  Drone  
  19  1:21  Drone  
  20  1:33  Spawning Pool  
  20  1:34  Drone  
  20  1:42  Drone  
  21  1:52  Drone  
  22  1:55  Extractor  
  22  2:14  Overlord  
  21  2:19  Hatchery  
  21  2:21  Queen x2  
  24  2:32  Drone  
  24  2:33  Drone x2  
  27  2:40  Drone  
  28  2:47  Evolution Chamber  
  27  2:52  Evolution Chamber  
  27  2:53  Drone x2  
  27  2:54  Drone  
  29  3:08  Drone x2  
  29  3:09  Drone  
  32  3:16  Zerg Missile Weapons Level 1  
  32  3:18  Queen  
  34  3:21  Queen  
  36  3:45  Drone  
  36  3:46  Drone x5  
  41  4:12  Drone  
  41  4:13  Overlord  
  41  4:14  Overlord  
  42  4:31  Queen x3  
  42  4:33  Drone x10  
  42  4:36  Overlord  
  58  4:45  Zerg Ground Armor Level 1  
  58  5:07  Queen x2  
  64  5:19  Lair  
  64  5:20  Drone  
  64  5:21  Drone x3  
  66  5:24  Overlord x2  
  66  5:25  Overlord x3  
  66  5:36  Hatchery  
  66  5:42  Roach Warren, Pneumatized Carapace  
  64  6:27  Zerg Missile Weapons Level 2  
  64  6:34  Hatchery  
  63  6:44  Extractor  
  63  6:47  Drone x12  
  63  6:48  Drone x9  
  63  6:51  Queen x3  
  63  6:52  Queen  
  91  7:09  Overlord  
  91  7:10  Overlord x2  
  91  7:16  Extractor  
  91  7:20  Extractor  
  89  7:24  Extractor  
  89  7:25  Extractor  
  89  7:29  Extractor  
  86  7:30  Extractor  
  85  7:40  Nydus Network  
  84  8:20  Nydus Canal  
  84  8:22  Drone x3  
  84  8:26  Drone x3  
  88  9:15  Nydus Canal  
  88  9:23  Overlord x4  
  88  9:35  Nydus Canal  
  88  9:39  Drone x5  
  88  9:40  Drone  
  94  10:06  Hydralisk Den  
  93  10:08  Infestation Pit  
  92  10:14  Zerg Ground Armor Level 2  
  92  10:20  Spire  
  91  10:27  Glial Reconstitution  
  91  11:01  Hydralisk x11  
  91  11:02  Hydralisk x18  
  149  11:06  Overlord x2  
  149  11:07  Overlord  
  149  11:23  Overlord x4  
  149  11:29  Overlord x5  
  149  11:30  Overlord x2  
  149  11:33  Queen  
  149  11:34  Queen x3  
  149  11:35  Queen  
  159  11:46  Nydus Canal  
  133  12:35  Zergling x2  
  133  12:36  Zergling x28  
  140  12:40  Queen x4  
  140  12:41  Queen  
  138  13:03  Zerg Flyer Weapons Level 1  
  130  13:18  Mutalisk  
  130  13:19  Mutalisk x14  
  115  14:20  Corruptor x14  
  115  14:21  Corruptor x7  
  145  14:48  Corruptor x3  
  145  14:49  Corruptor x8  
  165  15:15  Corruptor  
  165  15:16  Corruptor x14  
  165  15:17  Corruptor x3  
  183  15:57  Corruptor x2  
  183  15:58  Corruptor x6  
  199  16:10  Hive  
  199  16:11  Zerg Flyer Weapons Level 2  
  199  16:17  Spire  
  196  17:29  Greater Spire  
  196  18:46  Zerg Flyer Weapons Level 3  
  196  18:47  Zerg Flyer Armor Level 1  
  196  18:56  Brood Lord x2  
  124  20:53  Corruptor x4  
  124  20:54  Corruptor x11  
  154  20:58  Brood Lord x8  
  154  20:59  Brood Lord  
  172  21:09  Zerg Missile Weapons Level 3  
  172  21:12  Zerg Melee Weapons Level 1  
  172  21:13  Zerg Flyer Armor Level 2  
  172  21:30  Corruptor  
  172  21:31  Corruptor x13  
  119  23:10  Drone x11  
  119  23:11  Drone x4  
  134  23:34  Brood Lord x2  
  134  23:35  Brood Lord x3  
  144  24:34  Corruptor x4  
  152  24:43  Extractor  
  151  24:47  Extractor  
  128  25:15  Hatchery  
  93  26:33  Hatchery  
  80  26:43  Zergling x2  
  80  26:44  Zergling x30  
  96  26:47  Adrenal Glands  
  80  28:10  Drone  
  80  28:11  Drone x12  
  80  28:12  Drone x5  
  98  28:27  Metabolic Boost  
  98  28:30  Zerg Ground Armor Level 3  
  98  28:31  Zerg Melee Weapons Level 2  
  96  29:18  Hatchery  
  91  29:43  Zergling x2  
  91  29:44  Zergling x28  
  106  29:58  Zergling x2  
  106  29:59  Zergling x6  
  110  30:13  Extractor  
  109  30:18  Extractor  
  108  30:31  Drone x3  
  100  31:01  Zergling x2  
  100  31:02  Zergling x38  
  100  31:03  Zergling x2  
Show
View Real Time Build Order
Export as new Build Order

redbusman Terran 

Build Orders:  

Get SALT Encoding   

  12  0:02  SCV  
  13  0:14  SCV  
  13  0:20  Supply Depot  
  14  0:27  Refinery  
  14  0:29  SCV  
  15  0:42  SCV  
  16  0:48  Barracks  
  16  0:54  SCV  
  17  1:06  SCV  
  18  1:18  SCV  
  19  1:35  Supply Depot  
  19  1:47  Marine  
  19  1:48  Command Center  
  21  2:00  Orbital Command  
  20  2:07  Barracks Reactor  
  20  2:30  SCV  
  20  2:37  Supply Depot  
  21  2:43  SCV  
  22  2:48  Marine  
  22  2:49  Marine  
  24  2:55  SCV  
  25  3:02  Supply Depot  
  25  3:06  Marine x2  
  25  3:07  SCV  
  25  3:10  Refinery  
  28  3:13  SCV  
  29  3:24  Marine x2  
  31  3:31  Bunker, Orbital Command  
  31  3:42  Marine x2  
  33  3:58  SCV  
  33  4:00  Marine x2  
  36  4:06  Refinery  
  36  4:08  SCV  
  37  4:10  SCV  
  37  4:17  Refinery  
  38  4:18  Marine x2  
  38  4:20  SCV  
  38  4:22  SCV  
  42  4:32  SCV  
  42  4:34  SCV, Factory  
  42  4:35  Marine x2  
  42  4:36  Engineering Bay  
  46  4:44  SCV  
  47  4:46  SCV  
  48  4:57  SCV  
  48  4:58  SCV  
  50  5:09  SCV  
  50  5:10  SCV  
  50  5:13  Missile Turret  
  52  5:17  Missile Turret  
  52  5:21  SCV  
  53  5:22  SCV  
  53  5:25  Missile Turret  
  54  5:33  Marine x2  
  56  5:42  Supply Depot  
  56  5:44  Factory Tech Lab  
  56  5:50  Starport, Marine x2  
  56  5:56  Armory  
  58  5:59  Armory  
  58  6:06  Siege Tank  
  58  6:08  Marine x2  
  63  6:26  Marine x2  
  65  6:36  Starport Tech Lab  
  65  6:38  Siege Tank  
  68  6:41  Starport  
  68  6:44  Marine x2  
  70  6:49  Fusion Core  
  70  6:54  Terran Vehicle And Ship Armor Level 1  
  70  6:56  Terran Ship Weapons Level 1  
  70  7:06  Starport  
  70  7:15  Supply Depot  
  70  7:16  Supply Depot  
  70  7:19  Supply Depot  
  70  7:29  Command Center  
  70  7:36  Marine x2, Siege Tank  
  75  7:39  Starport Tech Lab  
  75  7:45  Battlecruiser  
  75  7:48  Starport Tech Lab  
  81  8:18  Battlecruiser  
  81  8:19  Battlecruiser  
  93  8:26  Weapon Refit  
  93  8:46  Refinery  
  93  8:48  Orbital Command  
  93  8:49  Refinery  
  93  8:55  SCV x2  
  95  9:01  Terran Ship Weapons Level 2  
  95  9:03  Terran Vehicle And Ship Armor Level 2  
  95  9:07  SCV x2  
  97  9:19  SCV x2  
  99  9:31  SCV x2  
  100  9:36  Neosteel Armor  
  101  9:43  SCV x2, Battlecruiser  
  109  9:54  Supply Depot  
  109  9:56  Supply Depot x2  
  109  9:59  Supply Depot  
  109  10:04  Supply Depot  
  109  10:08  Supply Depot  
  109  10:16  Battlecruiser  
  103  11:04  Battlecruiser x2  
  109  11:16  Hi-Sec Auto Tracking  
  109  11:20  Battlecruiser  
  115  11:50  Starport  
  121  12:08  Battlecruiser  
  121  12:09  Battlecruiser  
  127  12:38  Battlecruiser  
  139  13:13  Battlecruiser x2  
  145  13:33  Terran Ship Weapons Level 3  
  139  13:43  Battlecruiser  
  133  14:17  Battlecruiser  
  85  15:10  Battlecruiser x2  
  85  15:21  Battlecruiser  
  85  15:22  Missile Turret  
  85  15:24  Missile Turret  
  85  15:25  Missile Turret  
  85  15:26  Missile Turret  
  84  15:29  Missile Turret  
  84  15:31  Missile Turret x2  
  84  15:33  Missile Turret  
  84  15:34  Missile Turret  
  84  15:35  Missile Turret  
  84  15:38  Missile Turret  
  84  15:39  Missile Turret x2  
  84  15:41  Missile Turret  
  84  15:42  Missile Turret  
  84  16:10  Command Center  
  84  16:14  Battlecruiser x2  
  84  16:17  Missile Turret  
  84  16:18  Missile Turret  
  96  16:20  Missile Turret  
  96  16:22  Missile Turret  
  102  16:25  Battlecruiser  
  102  16:38  Starport Tech Lab  
  102  16:54  Command Center  
  102  17:44  Refinery  
  102  17:46  Battlecruiser x4  
  102  17:48  Refinery  
  126  18:09  SCV  
  127  18:21  SCV  
  128  18:34  SCV  
  129  18:46  SCV  
  130  18:50  Battlecruiser x2  
  142  18:58  SCV  
  140  19:43  Battlecruiser x2  
  152  19:54  Battlecruiser  
  158  20:28  Command Center  
  97  22:25  Battlecruiser x2  
  97  22:26  Battlecruiser x2  
  97  22:44  Command Center  
  96  23:08  Command Center  
  96  23:13  Missile Turret  
  96  23:18  Missile Turret x2  
  96  23:19  Missile Turret x2  
  96  23:21  Missile Turret  
  96  23:22  Missile Turret  
  96  23:23  Missile Turret  
  92  23:28  Missile Turret  
  92  23:29  Battlecruiser, Missile Turret  
  92  23:30  Battlecruiser x2  
  92  23:31  Missile Turret  
  92  23:34  Missile Turret  
  96  24:22  Command Center  
  96  24:26  Command Center  
  96  24:29  Refinery  
  96  24:30  SCV  
  97  24:42  SCV  
  98  24:51  Refinery  
  98  24:54  SCV  
  99  25:06  SCV  
  100  25:17  SCV  
  100  25:18  SCV  
  102  25:21  Battlecruiser x2  
  102  25:22  Battlecruiser  
  120  25:29  SCV  
  121  25:36  SCV  
  121  25:41  SCV  
  123  25:48  SCV  
  124  25:51  Command Center  
  124  25:53  SCV  
  124  25:54  Battlecruiser  
  131  26:00  SCV  
  132  26:05  SCV  
  133  26:12  SCV  
  134  26:20  Command Center  
  134  26:30  Battlecruiser  
  140  26:44  Refinery  
  140  26:47  Refinery  
  140  27:14  Refinery  
  140  27:32  Battlecruiser  
  146  28:14  Orbital Command  
  146  28:19  Battlecruiser x2  
  158  28:45  Refinery  
  158  28:47  Battlecruiser  
  164  28:49  Refinery  
  159  29:39  Battlecruiser  
  159  29:40  Battlecruiser  
  132  30:54  Command Center  
  132  31:00  SCV  
  133  31:12  SCV  
  134  31:24  SCV  
Show
View Real Time Build Order
Export as new Build Order

A.I. 5 (Medium) Terran 

Build Orders:  

Get SALT Encoding   

  12  0:01  SCV  
  13  0:13  SCV  
  14  0:19  Supply Depot  
  14  0:25  SCV  
  15  0:41  SCV  
  16  0:44  Barracks  
  16  0:50  Refinery  
  16  0:53  SCV  
  17  1:05  SCV  
  18  1:19  Supply Depot  
  18  1:31  Orbital Command  
  18  1:33  Marine  
  18  1:38  Barracks  
  19  1:49  Refinery  
  19  1:52  Barracks Tech Lab  
  19  2:10  Marine  
  20  2:16  Supply Depot  
  20  2:25  Marine  
  21  2:40  Marine  
  22  2:55  Marine  
  22  2:56  Supply Depot  
  23  3:07  SCV  
  23  3:10  Marine  
  25  3:19  SCV  
  26  3:25  Marine  
  26  3:27  Engineering Bay  
  27  3:31  SCV  
  28  3:40  Marauder  
  30  3:43  SCV  
  31  3:55  SCV  
  31  4:02  Marauder  
  34  4:03  Supply Depot  
  34  4:08  SCV  
  35  4:23  Marauder  
  37  4:45  Marauder  
  39  5:06  Marauder  
  41  6:55  Marine, Barracks Tech Lab  
  41  6:57  Factory  
  41  7:00  Factory  
  42  7:01  Missile Turret  
  42  7:02  Command Center  
  42  7:03  Supply Depot  
  42  7:04  Missile Turret  
  42  7:07  Sensor Tower  
  42  7:11  Barracks  
  42  7:26  Bunker  
  42  7:42  Armory  
  42  7:43  Widow Mine  
  44  7:45  Starport, Factory Tech Lab  
  40  7:54  Marine  
  32  7:59  Barracks Reactor  
  32  8:05  Marine, Factory Tech Lab  
  29  8:15  SCV  
  29  8:17  Marine  
  29  8:18  SCV  
  32  8:23  Refinery  
  32  8:24  Starport Tech Lab  
  32  8:27  SCV, Missile Turret  
  32  8:28  Marine  
  32  8:30  SCV, Missile Turret  
  32  8:31  Refinery  
  35  8:39  SCV  
  35  8:40  Marine  
  37  8:42  SCV  
  37  8:43  Raven  
  40  8:50  Bunker  
  40  8:51  SCV, Marine  
  40  8:54  SCV  
  43  9:03  SCV, Marine  
  43  9:06  SCV  
  46  9:15  SCV, Marauder  
  49  9:18  SCV  
  50  9:26  Raven, Siege Tank  
  50  9:27  SCV  
  50  9:30  SCV  
  57  9:38  Widow Mine  
  59  9:39  SCV  
  59  9:42  SCV  
  61  9:49  Marauder  
  61  9:51  SCV  
  64  9:54  SCV  
  65  10:00  Siege Tank  
  65  10:04  SCV  
  65  10:06  SCV  
  70  10:11  Supply Depot  
  70  11:42  Medivac, Reaper  
  70  11:43  Combat Shield, Stimpack  
  70  11:44  Terran Infantry Weapons Level 1  
  70  11:45  Starport  
  70  11:46  Supply Depot, Marine  
  74  11:48  Ghost Academy  
  74  11:50  Marine  
  74  11:51  Fusion Core  
  75  11:55  Engineering Bay, Marine  
  75  11:58  Armory  
  75  11:59  Command Center  
  76  12:04  Marine  
  76  12:09  Reaper  
  76  12:12  Raven  
  76  12:15  Marauder  
  80  12:18  Supply Depot  
  80  12:20  Terran Infantry Armor Level 1  
  80  12:21  Medivac, Fusion Core  
  80  12:22  Marauder, Command Center  
  79  12:36  Marauder  
  78  12:42  Widow Mine  
  78  12:44  Marauder  
  80  12:51  Starport Reactor  
  80  13:01  Concussive Shells  
  79  13:35  SCV  
  79  13:38  Viking, SCV  
  83  13:42  Reaper  
  83  13:47  Marine  
  83  13:48  SCV  
  71  13:50  SCV  
  71  13:51  Marine  
  71  13:53  Medivac  
  71  13:55  Medivac, Marine  
  52  14:00  SCV  
  54  14:02  SCV  
  54  14:04  Marine  
  54  14:07  Raven  
  54  14:09  Marine  
  57  14:12  SCV  
  57  14:13  Marine  
  57  14:14  Marine  
  57  14:15  SCV  
  61  14:22  Marine  
  61  14:24  SCV, Supply Depot  
  62  14:27  SCV, Marine  
  58  14:31  Reaper  
  58  14:32  Marine  
  58  14:36  SCV  
  59  14:39  SCV  
  59  14:40  Widow Mine, Marine  
  59  14:44  Marine  
  59  14:48  SCV  
  59  14:49  Widow Mine  
  59  14:50  Raven  
  59  14:51  SCV  
  61  14:53  Marauder  
  61  14:58  Marauder  
  59  15:00  SCV  
  59  15:02  Medivac, Siege Tank  
  59  15:03  SCV  
  59  15:06  Marine  
  60  15:09  Missile Turret  
  60  15:11  Reaper, Refinery  
  60  15:12  SCV  
  58  15:15  SCV, Marine  
  58  15:20  Marine  
  61  15:24  SCV  
  61  15:25  Marine  
  55  15:31  Command Center  
  55  15:33  Raven, Marine  
  55  15:38  Marine  
  56  15:43  Refinery, Marine  
  56  15:45  Marine  
  58  15:51  Marine  
  58  15:56  Marine  
  60  16:01  Marine  
  61  16:06  Reaper  
  62  16:11  Widow Mine  
  62  16:13  Command Center  
  62  16:14  SCV  
  62  16:16  Raven, Marine  
  68  16:21  Marauder  
  68  16:24  SCV  
  68  16:25  Supply Depot  
  71  16:26  Siege Tank  
  71  16:27  SCV  
  71  16:32  Thor  
  75  16:36  SCV  
  75  16:37  Terran Infantry Weapons Level 2  
  81  16:53  SCV  
  82  16:58  Hellion  
  86  17:16  Hellion  
  86  17:17  Terran Infantry Armor Level 2  
  86  17:20  Siege Tank  
  89  17:36  Thor  
  95  17:51  Terran Vehicle Weapons Level 1  
  95  17:52  Siege Tank  
  98  18:01  Terran Vehicle And Ship Armor Level 1  
  98  18:11  Bunker  
  98  18:15  Missile Turret  
  98  18:19  Missile Turret  
  100  18:20  Widow Mine  
  100  18:36  Refinery  
  100  18:39  Bunker  
  100  18:51  Marine  
  100  18:55  Terran Infantry Weapons Level 3  
  101  18:56  Siege Tank  
  101  19:01  Siege Tank  
  107  19:28  Siege Tank  
  110  19:33  Terran Infantry Armor Level 3, Siege Tank  
  113  19:45  Terran Ship Weapons Level 1  
  111  19:54  Terran Vehicle Weapons Level 2  
  111  19:57  Raven  
  111  19:59  Command Center  
  103  20:00  Medivac  
  103  20:01  Hellion  
  103  20:06  Hellion  
  92  20:09  Medivac  
  91  20:34  Siege Tank  
  94  20:40  Raven  
  96  20:46  Siege Tank  
  99  20:57  Marine  
  99  21:02  Marine  
  87  21:07  Marine  
  76  21:11  SCV  
  76  21:12  Marine  
  76  21:13  Refinery  
  76  21:14  SCV  
  76  21:17  SCV, Marine  
  81  21:20  SCV  
  81  21:22  Raven, Marine  
  81  21:24  SCV  
  86  21:27  SCV, Marine  
  86  21:29  SCV  
  86  21:32  Missile Turret, Marine  
  89  21:34  Missile Turret  
  89  21:36  SCV  
  89  21:37  SCV, Marine  
  89  21:39  Terran Vehicle And Ship Armor Level 2  
  92  21:40  SCV  
  92  21:42  Marine  
  92  21:43  SCV  
  95  21:47  Refinery  
  95  21:48  SCV, Marine  
  95  21:52  SCV  
  95  21:53  Siege Tank  
  101  21:54  Bunker  
  101  21:58  Thor  
  105  22:05  Raven  
  107  22:25  Siege Tank  
  110  22:50  Marine  
  109  22:56  Marine  
  100  23:01  Hellion  
  99  23:06  Marine  
  99  23:11  Marine  
  101  23:16  Marine  
  102  23:21  Marine  
  102  23:26  Marine  
  104  23:32  Hellion  
  106  23:36  Missile Turret, Marine  
  106  23:37  Medivac  
  106  23:39  Missile Turret  
  106  23:41  SCV, Siege Tank  
  106  23:44  SCV  
  104  23:50  SCV  
  104  23:53  SCV  
  104  23:54  Siege Tank  
  103  23:56  SCV  
  103  23:59  Marine  
  103  24:02  SCV  
  95  24:04  Marine  
  95  24:05  SCV  
  95  24:07  Raven  
  95  24:09  Marine  
  99  24:14  Command Center  
  99  24:15  Thor  
  106  24:20  Marine  
  107  24:26  Siege Tank  
  102  24:31  Refinery  
  102  24:50  Raven  
  104  24:55  SCV  
  104  24:58  Siege Tank  
  108  25:06  Missile Turret  
  108  25:16  Medivac  
  104  25:33  Raven  
  106  26:04  Siege Tank  
  106  26:14  Siege Tank  
  106  26:16  Raven  
  105  26:36  Siege Tank  
  108  26:53  Marauder  
  110  26:56  Marauder  
  110  26:58  Marine  
  113  27:01  Marine  
  114  27:14  Marauder  
  116  27:16  Ghost, Marine  
  116  27:19  Supply Depot, Marine  
  116  27:22  Command Center  
  120  27:34  Marine  
  120  27:35  Marine  
  122  27:37  Marine  
  122  27:42  Raven  
  120  27:45  Marine  
  115  27:53  Marauder  
  117  28:03  Marauder  
  119  28:14  Ghost  
  121  28:25  Raven, Marauder  
  125  28:36  SCV  
  126  28:45  Marine  
  126  28:47  Marine  
  125  28:50  Marine  
  125  28:53  Marine  
  121  28:58  Refinery  
  115  29:02  Marine  
  115  29:05  Missile Turret, Marine  
  115  29:06  Medivac  
  115  29:08  Marine  
  115  29:09  Raven  
  106  29:11  Marine  
  106  29:13  Missile Turret  
  106  29:14  Medivac  
  106  29:15  Refinery  
  98  29:20  Marine  
  98  29:23  Marine  
  97  29:26  Marine  
  97  29:28  Missile Turret  
  97  29:29  SCV, Marine  
  94  29:32  SCV  
  94  29:33  Missile Turret  
  94  29:35  SCV, Viking  
  94  29:38  SCV  
  90  29:39  Hellion  
  90  29:41  SCV  
  90  29:44  SCV  
  92  29:46  Viking  
  92  29:47  SCV  
  92  29:52  SCV  
  96  29:53  SCV, Hellion  
  96  29:56  SCV  
  96  29:59  SCV  
  101  30:05  SCV  
  102  30:11  Command Center  
  102  30:16  SCV  
  102  30:49  Command Center  
  102  31:15  Marauder  
  102  31:17  Marauder  
  98  31:24  SCV, Marine  
  95  31:26  Missile Turret, Marine  
  95  31:27  SCV  
  95  31:30  SCV  
  96  31:34  SCV  
Tags
 
Add a new tag
Caveats
  • Supply blocks, unpowered buildings, or Contaminate may cause inaccurate times.
  • Supply counts are checked every 10 seconds.